 Dungeon Crawl Stone Soup version 0.29-a0-653-gd47aff6735 (webtiles) character file.

Game seed: 4530071869962756532

322 HoaS the Quickloader (level 6, -1/35 HPs)
             Began as a Tengu Hunter on June 21, 2022.
             Succumbed to a gnoll's poison
             ... on level 4 of the Dungeon.
             The game lasted 00:05:50 (3050 turns).

HoaS the Quickloader (Tengu Hunter)                 Turns: 3050, Time: 00:05:50

Health: -1/35      AC:  3    Str: 11    XL:     6   Next: 47%
Magic:  7/7        EV: 14    Int:  9    God:
Gold:   162        SH:  0    Dex: 20    Spells: 5/5 levels left

rFire   + . .      SeeInvis .   a - +1 hand crossbow
rCold   . . .      Faith    .   (no shield)
rNeg    . . .      Spirit   .   b - +0 leather armour
rPois   .          Reflect  .   (helmet restricted)
rElec   .          Harm     .   (no cloak)
rCorr   .          Rampage  .   (no gloves)
Will    .....                   (boots unavailable)
Stlth   ++........              (no amulet)
HPRegen 0.11/turn               i - ring of protection from fire
MPRegen 0.10/turn               (no ring)

@: lethally poisoned (-1 -> -30), flying quickly and evasively, quick
A: beak, talons 3, nimble flight
a: no special abilities


You were on level 4 of the Dungeon.
You visited 1 branch of the dungeon, and saw 4 of its levels.

You collected 162 gold pieces.

Inventory:

Hand Weapons
 a - a +1 hand crossbow (weapon)
Armour
 b - a +0 leather armour (worn)
Jewellery
 i - a ring of protection from fire (left hand)
Scrolls
 c - 4 scrolls of immolation
 d - 2 scrolls of fog
Potions
 e - a potion of lignification {unknown}
 f - a potion of haste
 g - 2 potions of curing
 h - a potion of heal wounds {unknown}
 j - a potion of mutation {unknown}
 l - a potion of brilliance {unknown}
 n - a potion of berserk rage {unknown}


   Skills:
 - Level 2.0 Fighting
 + Level 8.3 Crossbows
 - Level 2.1 Dodging
 - Level 1.0 Stealth


You had 5 spell levels left.
You didn't know any spells.
Your spell library contained the following spells:

 Spells                   Type           Power      Damage    Failure   Level
 Scorch                   Fire           0%         2d5       63%         2
 Flame Wave               Conj/Fire      0%         2d4       99%         4
 Summon Cactus Giant      Summ           0%         N/A       100%        6
 Chain Lightning          Conj/Air       0%         N/A       100%        9
 Death's Door             Necr           0%         N/A       100%        9


Dungeon Overview and Level Annotations

Branches:
Dungeon (4/15)
 Temple: D:4-7

Altars:
Qazlal
Uskayaw

Shops:
D:1 [

Annotations:
D:2 1 runed translucent door, Crazy Yiuf
D:3 Sigmund
D:4 Duvessa


Innate Abilities, Weirdness & Mutations

You have a beak for a mouth.
You have claws for feet.
Your magical nature lets you fly swiftly and evasively.


Message History

The gnoll is severely wounded.
The gnoll hits you from afar with a +0 spear.
The gnoll closely misses you.
You shoot a bolt. The bolt barely misses the gnoll.
The gnoll hits you from afar with a +0 spear.
You shoot a bolt. The bolt barely misses the gnoll.
The gnoll hits you from afar with a +0 spear.
You shoot a bolt. The bolt barely misses the gnoll.
The gnoll barely misses you.
You shoot a bolt. The bolt hits the gnoll.
You kill the gnoll!
No target in view!
No target in view!
You start resting.
A gnoll comes into view. It is wielding a +0 spear of venom.
You shoot a bolt. The gnoll shouts!
The bolt hits the gnoll.
The gnoll is lightly wounded.
You hear a shout! x2
A gnoll comes into view. It is wielding a +0 flail.
The gnoll hits you but does no damage.
You are poisoned.
You shoot a bolt. The bolt hits the gnoll.
The gnoll is lightly wounded.
You feel sick. The gnoll hits you but does no damage.
You are more poisoned.
You shoot a bolt. The bolt barely misses the gnoll.
You feel very sick. The gnoll closely misses you.
You shoot a bolt. The bolt barely misses the gnoll.
You feel sick. The gnoll closely misses you.
You shoot a bolt. The bolt barely misses the gnoll.
You feel sick.
The gnoll hits you from afar with a +0 spear of venom.
You are lethally poisoned!
The gnoll hits you from afar with a +0 spear of venom.
You are more poisoned.
* * * LOW HITPOINT WARNING * * *
You feel extremely sick.
You die...

[. .. #. #. #. #)##
#
###..########.#####
#...†..@...........
####.########.#####
####g###..... ..
#..)g....# ##
#####.#######
#............
#####..######
#...[.....#<#
######..#.#.#


There were no monsters in sight!

Vanquished Creatures
  An ogre (D:4)
  Dowan (D:4)
  A hound (D:3)
  An orc wizard (D:3)
  3 gnolls
  4 adders
  A worm (D:3)
  2 dart slugs
  5 orcs (D:3)
  5 ball pythons
  6 endoplasms
  5 giant cockroaches
  5 goblins
  7 hobgoblins
  A quokka (D:1)
  5 bats
  4 frilled lizards
  2 kobolds
  5 rats
64 creatures vanquished.

Vanquished Creatures (others)
  3 plants (D:2)
3 creatures vanquished.

Grand Total: 67 creatures vanquished

Notes
Turn   | Place    | Note
-------+----------+-------------------------------------------
     0 | D:1      | HoaS the Tengu Hunter began the quest for the Orb.
     0 | D:1      | Reached XP level 1. HP: 12/12 MP: 2/2
    53 | D:1      | Reached skill level 5 in Crossbows
    53 | D:1      | Reached XP level 2. HP: 17/17 MP: 3/3
   315 | D:1      | Reached XP level 3. HP: 21/21 MP: 4/4
   338 | D:1      | Found Tenk's Antique Armour Shoppe.
   657 | D:2      | Found a runed translucent door.
   658 | D:2      | Noticed Crazy Yiuf
   693 | D:2      | Got Toegoith's Compendium of Gliding Necromancy
  1107 | D:2      | Found a stormy altar of Qazlal.
  1172 | D:2      | Found a faded altar of an unknown god.
  1178 | D:2      | Reached skill level 6 in Crossbows
  1711 | D:3      | Reached XP level 4. HP: 26/26 MP: 5/5
  2161 | D:3      | Noticed Sigmund
  2261 | D:3      | Found a hide-covered altar of Uskayaw.
  2623 | D:3      | Reached skill level 7 in Crossbows
  2623 | D:3      | Gained mutation: Your magical nature lets you fly swiftly
                  | and evasively. [Tengu growth]
  2623 | D:3      | Reached XP level 5. HP: 17/30 MP: 6/6
  2820 | D:4      | Noticed Dowan
  2822 | D:4      | Noticed Duvessa
  2850 | D:4      | Killed Dowan
  2959 | D:4      | Noticed an ogre
  2963 | D:4      | Killed an ogre
  2964 | D:4      | Reached skill level 8 in Crossbows
  2964 | D:4      | Reached XP level 6. HP: 35/35 MP: 7/7
  3050 | D:4      | Succumbed to a gnoll's poison

Illustrated notes

Levels and vault maps discovered:
D:1:      eino_arrival_cavern_d, layout_rooms, serial_shops,
          nicolae_shop_temple_entry_statues_fountains, minmay_small_reverse_x
D:2:      layout_loops_ring, shapermc_ecumenical_altar_mp_ritualfount,
          basic_altar, kennysheep_pointless_box, minmay_goblin_kobold_house,
          uniq_crazy_yiuf_cottage
D:3:      layout_loops_ring, mainiacjoe_overflow_surrounded_room, uniq_sigmund
D:4:      layout_basic, nicolae_qazlal_style_of_elements,
          nzn_wu_jian_contemplation, nicolae_overflow_crystal_walls,
          minmay_shop_enchanted_jewellery, uniq_pikel, uniq_ijyb,
          uniq_eustachio, uniq_duvessa

Skill      XL: |  1  2  3  4  5 |
---------------+----------------+-----
Crossbows      | 5 6 7 8 |  8.3
Fighting       | |  2.0
Dodging        | |  2.1
Stealth        | |  1.0

Action                   |  1- 3 |  4- 6 || total
-------------------------+-------+-------++-------
 Fire: Hand crossbow     |   101 |    88 ||   189
  Use: Scroll            |     9 |       ||     9
Armor: Leather armour    |     5 |     7 ||    12
Dodge: Dodged            |    22 |    20 ||    42

Table legend: (Time is in decaauts)
 A = Elapsed time spent in this place.
 B = Non-inter-level travel time spent in this place.
 C = Inter-level travel time spent in this place.
 D = Time resting spent in this place.
 E = Time spent auto-exploring this place.
 F = Levels seen in this place.
 G = Mean time per level.
                   A        B        C        D        E       F      G
               +--------+--------+--------+--------+--------+-----+--------+
         Total |   3083 |   2955 |    128 |    707 |   1760 |   4 |  770.8 |
       Dungeon |   3083 |   2955 |    128 |    707 |   1760 |   4 |  770.8 |
               +--------+--------+--------+--------+--------+-----+--------+

Top non-repeatable levels by time:
     D:3: 1207 daAuts
     D:2: 999 daAuts
     D:1: 650 daAuts
     D:4: 226 daAuts
